 Dungeon Crawl Stone Soup version 0.16.1-30-g34a7ffa (webtiles) character file.

820 tesudzi the Grappler (level 7, -3/55 HPs)
             Began as a Centaur Gladiator on June 27, 2015.
             Killed by triggering a spear trap (16 damage)
             ... in an ossuary.
             The game lasted 00:12:00 (4809 turns).

tesudzi the Grappler (Centaur Gladiator)            Turns: 4809, Time: 00:12:00

Health: -3/55      AC:  5    Str: 17    XL:     7   Next: 63%
Magic:  5/5        EV:  9    Int:  7    God:
Gold:   233        SH:  0    Dex: 12    Spells: 0 memorised, 6 levels left

rFire  + . .     SeeInvis .       - Unarmed
rCold  + . .     Clarity  .     b - +0 leather armour
rNeg   . . .     SustAb   .     (no shield)
rPois  .         Gourm    .     k - +1 hat
rElec  .         Spirit   .     (no cloak)
rCorr  .         Warding  .     (no gloves)
rMut   .         Stasis   .     (no barding)
MR     .....                    (no amulet)
Stlth  +.........               (no ring)
                                D - ring of protection from cold

@: drained, very quick, not resistant to hostile enchantments, very unstealthy
A: hooves 3, deformed body, fire resistance 1, speed 2, tough skin 3, MP-powered
wands 1
a: no special abilities


You were in an ossuary.
You were very hungry.

You visited 1 branch of the dungeon, and saw 5 of its levels.
You also visited: Ossuary.

You collected 233 gold pieces.

Inventory:

Hand weapons
 y - a +1 blowgun
Missiles
 d - 3 throwing nets (quivered)
 t - 25 arrows
 A - 15 poisoned needles
Armour
 b - a +0 leather armour (worn)
 c - a +0 helmet
 k - a +1 hat (worn)
Jewellery
 D - a ring of protection from cold (left hand)
Magical devices
 x - a wand of cold (4)
Scrolls
 g - 6 scrolls of identify
 j - 3 scrolls of remove curse {unknown}
 l - 4 scrolls of teleportation
 r - a scroll of blinking
 s - 2 scrolls of magic mapping
Potions
 e - 2 potions of curing
 i - a potion of resistance
 n - a potion of cure mutation
 o - a potion of heal wounds
Books
 u - an Akashic Record {highlevel, unknown}

   This book is beyond your current level of understanding.

   Spells                             Type                      Level
   a - Dispersal                      Translocation                6
   b - Controlled Blink               Translocation                7
   c - Malign Gateway                 Summoning/Translocation      7
   d - Disjunction                    Translocation                8
   e - Singularity                    Translocation                9
Comestibles
 a - 5 bread rations
 f - 2 royal jellies
 h - 2 meat rations
 m - a beef jerky


   Skills:
 - Level 2.0(1.8) Fighting
 - Level 2.6(2.4) Throwing
 - Level 2.1(1.9) Dodging
 + Level 9.2(8.9) Unarmed Combat


You had 6 spell levels left.
You didn't know any spells.

Dungeon Overview and Level Annotations

Branches:
Dungeon (5/15)
 Temple: D:4-7

Altars:


Innate Abilities, Weirdness & Mutations

You have hooves in place of feet.
Armour fits poorly on your strangely shaped body.
You cover ground very quickly.
You have extremely tough skin (AC +3).
Your flesh is heat resistant.
You expend magic power (3 MP) to slightly strengthen your wands.


Message History

Aim: an elf zombie You throw a poisoned tomahawk.
The poisoned tomahawk closely misses the elf zombie.
Found a gate leading back out of this place.
Throwing (i - inventory. (,) - cycle):
v - a poisoned tomahawk (quivered)
Press: ? - help, Shift-Dir - straight line, f/p - elf zombie
Aim: an elf zombie You throw a poisoned tomahawk.
The poisoned tomahawk hits the elf zombie!
All of the chunks of flesh in your inventory have rotted away.
A mummy comes into view.
The mummy moves out of view.
You closely miss the elf zombie. You kick the elf zombie.
You closely miss the elf zombie. The elf zombie completely misses you.
Found 25 gold pieces.
You are feeling very hungry.
Found a fizzy dark potion and a slice of pizza.
You found a spear trap!
A spear shoots out and hits you!
You die...

############
#!%#........
#$$#........
##+#.........
#.^.@........ ...
#...................
#..M..##.............
#.....##.............
#....................
#.ZZ.................
#..#.................
#.Z##..........∩.....
#ZZ##M.........∩.....


You could see 2 mummies, a hobgoblin zombie, a kobold zombie and an elf zombie.

Vanquished Creatures
  The ghost of Scuka the Cudgeler, an average GrFi of the Shining One (D:4)
  An ogre (D:4)
  Sigmund (D:3)
  A scorpion (D:4)
  A jelly (D:5)
  A hound (D:4)
  A giant frog skeleton (D:4)
  An iguana (D:4)
  2 orc wizards
  6 worker ants
  A hound zombie (Ossuary)
  8 adders
  A shadow imp (D:5)
  A worm (D:2)
  An adder zombie (Ossuary)
  A giant gecko (D:2)
  An ooze (D:4)
  8 orcs
  5 bats
  3 giant cockroaches (D:2)
  10 goblins
  11 hobgoblins
  6 jackals
  7 kobolds
  A quokka (D:2)
  A giant gecko skeleton (D:4)
  A giant newt (D:4)
  2 jackal zombies (Ossuary)
  An orc zombie (Ossuary)
  A quokka skeleton (D:4)
  9 rats
96 creatures vanquished.

Notes
Turn   | Place    | Note
--------------------------------------------------------------
     0 | D:1      | tesudzi, the Centaur Gladiator, began the quest for the Orb.
     0 | D:1      | Reached XP level 1. HP: 17/17 MP: 1/1
   388 | D:1      | Reached XP level 2. HP: 24/24 MP: 2/2
   883 | D:2      | Reached skill level 4 in Unarmed Combat
   891 | D:2      | Reached XP level 3. HP: 29/29 MP: 3/3
  1689 | D:2      | Reached XP level 4. HP: 31/36 MP: 3/3
  1798 | D:2      | Reached skill level 5 in Unarmed Combat
  2421 | D:3      | Noticed Sigmund
  2424 | D:3      | Killed Sigmund
  2424 | D:3      | Reached skill level 6 in Unarmed Combat
  2424 | D:3      | Reached XP level 5. HP: 33/41 MP: 4/4
  2524 | D:4      | Noticed Scuka's ghost (average GrFi)
  3098 | D:4      | Reached XP level 6. HP: 14/48 MP: 5/5
  3451 | D:4      | Noticed an ogre
  3512 | D:4      | Reached skill level 7 in Unarmed Combat
  3521 | D:4      | Killed an ogre
  3547 | D:4      | Gained mutation: Your muscles are strong. (Str +2) [potion of mutation]
  3547 | D:4      | Gained mutation: You are clumsy. (Dex -2) [potion of mutation]
  3547 | D:4      | Gained mutation: Your system is resistant to poisons. [potion of mutation]
  3583 | D:4      | Killed Scuka's ghost
  3583 | D:4      | Reached skill level 8 in Unarmed Combat
  3583 | D:4      | Reached XP level 7. HP: 24/55 MP: 5/5
  4146 | D:4      | Lost mutation: Your system is resistant to poisons. [potion of cure mutation]
  4146 | D:4      | Lost mutation: Your muscles are strong. (Str +2) [potion of cure mutation]
  4146 | D:4      | Lost mutation: You are clumsy. (Dex -2) [potion of cure mutation]
  4218 | D:4      | Gained mutation: You expend magic power (3 MP) to slightly strengthen your wands. [potion of mutation]
  4218 | D:4      | Gained mutation: Your flesh is heat resistant. [potion of mutation]
  4342 | D:5      | Entered Level 5 of the Dungeon
  4444 | D:5      | Reached skill level 9 in Unarmed Combat
  4719 | D:5      | Found a sand-covered staircase.
  4729 | Ossuary  | Entered an ossuary
  4809 | Ossuary  | Killed by triggering a spear trap

Action                   |  1- 3 |  4- 6 |  7- 9 || total
-------------------------+-------+-------+-------++-------
Melee: Unarmed           |   126 |    97 |   112 ||   335
 Fire: Blowgun           |       |    10 |       ||    10
Throw: Throwing net      |       |     2 |       ||     2
       Tomahawk          |       |     2 |     5 ||     7
Evoke: Wand              |       |     3 |       ||     3
  Use: Potion            |       |     5 |     3 ||     8
       Scroll            |       |     1 |     6 ||     7
  Eat: Chunk             |     1 |     5 |       ||     6
       Pizza             |       |       |     2 ||     2
